 Dungeon Crawl Stone Soup version 0.15.2 (webtiles) character file.

77 theanonym the Slasher (level 4, 0/29 HPs)
             Began as a High Elf Death Knight on Dec 6, 2018.
             Was a Believer of Yredelemnul.
             Slain by Sigmund
             ... wielding a +0 scythe
              (9 damage)
             ... on Level 2 of the Dungeon.
             The game lasted 00:02:32 (2219 turns).

theanonym the Slasher (High Elf Death Knight)       Turns: 2219, Time: 00:02:32

HP   0/29        AC  5     Str 13      XL: 4   Next: 13%
MP   7/9         EV  9     Int 14      God: Yredelemnul [**....]
Gold 89          SH  0     Dex 15      Spells:  0 memorised,  3 levels left

rFire  . . .     SeeInvis .     a - +1 falchion
rCold  . . .     Clarity  .     g - +0 ring mail
rNeg   . . .     rCorr    .     (no shield)
rPois  .         rRot     .     (no helmet)
rElec  .         Spirit   .     (no cloak)
SustAb .         Warding  .     (no gloves)
rMut   .         Stasis   .     (no boots)
Gourm  .                        (no amulet)
MR     .....                    (no ring)
                                e - ring of wizardry

@: injury mirror, not resistant to hostile enchantments, very unstealthy
A: no striking features
a: Animate Remains, Recall Undead Slaves, Injury Mirror, Renounce Religion


   Skills:
 - Level 2.0 Fighting
 + Level 5.3 Long Blades
 - Level 0.8 Armour
 - Level 1.1 Dodging
 - Level 3.0 Invocations


You had 3 spell levels left.
You didn't know any spells.

Action                   |  1- 3 |  4- 6 || total
-------------------------+-------+-------++-------
Melee: Falchion          |   111 |    26 ||   137
Invok: Animate Remains   |    12 |       ||    12
       Recall Undead Sla |     1 |     1 ||     2
       Injury Mirror     |       |     1 ||     1
  Use: Potion            |     1 |       ||     1
  Eat: Chunk             |     2 |     2 ||     4
       Pizza             |     1 |       ||     1

Inventory:

Hand weapons
 a - a +1 falchion (weapon)
Armour
 b - a +0 leather armour
 g - a +0 ring mail (worn)
   (You found it on level 2 of the Dungeon)
Comestibles
 c - 3 bread rations
Scrolls
 d - 2 scrolls of amnesia {unknown}
 f - a scroll of enchant weapon {unknown}
Jewellery
 e - a ring of wizardry (left hand)
   (You found it on level 1 of the Dungeon)


You were on level 2 of the Dungeon.
You worshipped Yredelemnul.
Yredelemnul was pleased with you.
You were not hungry.

You visited 1 branch of the dungeon, and saw 2 of its levels.

You collected 89 gold pieces.

Dungeon Overview and Level Annotations

Branches:
Dungeon (2/15)

Altars:
Dithmenos
Nemelex Xobeh

Annotations:
D:2 Sigmund

##.########## ..#
.#........... ...
.#........... ..#
............# #.#
#.#.........## #.#
#............. ..#
#.#.........## #.#
..#.........# #@#
............# #@#
........Z...####Z#
.........Z...Z.ZZ#
.............#####
...###.......#
#### ###...###
#...# #####


You could see Sigmund, a friendly giant newt zombie and 2 friendly worm zombies.

Notes
Turn   | Place    | Note
--------------------------------------------------------------
     0 | D:1      | theanonym, the High Elf Death Knight, began the quest for the Orb.
     0 | D:1      | Reached XP level 1. HP: 14/14 MP: 3/3
    65 | D:1      | HP: 7/14 [hobgoblin/club (1)]
    69 | D:1      | Reached skill level 3 in Long Blades
   489 | D:1      | Reached XP level 2. HP: 16/19 MP: 4/4
   953 | D:2      | Reached skill level 4 in Long Blades
  1036 | D:2      | Found a shadowy altar of Dithmenos.
  1041 | D:2      | Found a sparkling altar of Nemelex Xobeh.
  1089 | D:2      | Reached XP level 3. HP: 21/24 MP: 1/7
  1170 | D:2      | Acquired Yredelemnul's second power
  1185 | D:2      | HP: 9/24 [worm (9)]
  1190 | D:2      | HP: 7/24 [giant newt (2)]
  1573 | D:2      | HP: 7/24 [worm (9)]
  1911 | D:2      | HP: 12/24 [poisoned by an adder]
  1914 | D:2      | HP: 5/24 [adder (3)]
  1915 | D:2      | Reached skill level 5 in Long Blades
  1922 | D:2      | Reached XP level 4. HP: 21/29 MP: 9/9
  2201 | D:2      | Noticed Sigmund
  2216 | D:2      | HP: 9/29 [Sigmund/scythe (7)]
  2219 | D:2      | Slain by Sigmund

Vanquished Creatures
  2 adders (D:2)
  A worm (D:2)
  A giant gecko (D:2)
  A ball python (D:1)
  7 goblins
  5 hobgoblins
  3 kobolds
  A quokka (D:2)
  5 bats (D:2)
  4 giant cockroaches
  2 giant newts (D:2)
  2 jackals (D:1)
  3 rats
  3 toadstools (D:1)
40 creatures vanquished.

Vanquished Creatures (collateral kills)
  2 worms (D:2)
  2 bats (D:1)
  A rat (D:2)
5 creatures vanquished.

Vanquished Creatures (others)
  A bat zombie (D:2)
  A giant cockroach zombie (D:2)
  A giant newt zombie (D:2)
  A toadstool (D:1)
4 creatures vanquished.

Grand Total: 49 creatures vanquished

Table legend:
 A = Turns spent in this place as a percentage of turns spent in the entire game.
 B = Non-inter-level travel turns spent in this place as a percentage of non-inter-level travel turns spent in the entire game.
 C = Inter-level travel turns spent in this place as a percentage of turns spent in this place.
 D = Turns resting spent in this place as a percentage of non-inter-level travel turns spent in this place.
 E = Turns spent auto-exploring this place as a percentage of non-inter-level travel turns spent in this place.
 F = Non-inter-level travel turns spent in this place divided by the number of levels of this place that you've seen.
                   A       B       C       D       E      F
               +-------+-------+-------+-------+-------+----------------------
         Total | 100.0 | 100.0 |   0.2 |   5.7 |  10.3 | 261.5
       Dungeon | 100.0 | 100.0 |   0.2 |   5.7 |  10.3 | 261.5
               +-------+-------+-------+-------+-------+----------------------
